 Dungeon Crawl Stone Soup version 0.29.1-15-g9cfb28693d (webtiles) character file.

Game seed: 65748885969097948

4277 MacCMillion the Nimble (level 10, 48/48 HPs)
             Began as a Felid Summoner on Mar 14, 2023.
             Was an Initiate of Gozag.
             Quit the game on level 2 of the Lair of Beasts.
             The game lasted 00:31:38 (14920 turns).

MacCMillion the Nimble (Felid Summoner)            Turns: 14920, Time: 00:31:38

Health: 48/48      AC:  6    Str:  4    XL:     10   Next: 10%
Magic:  23/23      EV: 24    Int: 22    God:    Gozag
Gold:   1193       SH:  0    Dex: 16    Spells: 14/25 levels left
                                        Lives:  0   Deaths: 3

rFire   . . .      SeeInvis +   (weapon unavailable)
rCold   . . .      Faith    .   (shield unavailable)
rNeg    . . .      Spirit   .   (body armour unavailable)
rPois   .          Reflect  .   (helmet unavailable)
rElec   .          Harm     .   (cloak unavailable)
rCorr   .          Rampage  .   (gloves unavailable)
Will    +....                   (boots unavailable)
Stlth   ++........              (no amulet)
HPRegen 0.16/turn               c - ring of wizardry
MPRegen 0.18/turn               y - +4 ring of protection

@: quick
A: very small, claws 1, fangs 3, see invisible, speed 1, shaggy fur 2, stealthy
paws, no weapons or thrown items, no armour, multi-lived
a: Renounce Religion, Potion Petition, Call Merchant, Bribe Branch


You were on level 2 of the Lair of Beasts.
You worshipped Gozag.
Gozag was most pleased with you.
You visited 3 branches of the dungeon, and saw 13 of its levels.

You collected 1314 gold pieces.
You paid 121 gold pieces to Gozag.

Inventory:

Jewellery
 c - a ring of wizardry (left paw)
 h - a ring of ice
 m - a +4 ring of slaying
 y - a +4 ring of protection (right paw)
 B - a +6 ring of strength
 G - a ring of fire
 I - an amulet of reflection
Wands
 e - a wand of polymorph (9)
 n - a wand of flame (24)
 p - a wand of iceblast (17)
 A - a wand of light (9)
Scrolls
 b - 3 scrolls of identify
 o - 3 scrolls of teleportation
 q - 3 scrolls of vulnerability
 r - 3 scrolls of blinking
 t - 2 scrolls of amnesia
 v - 2 scrolls of enchant armour
 z - 2 scrolls of brand weapon
 C - 2 scrolls of enchant weapon {unknown}
 D - a scroll of torment {unknown}
 E - a scroll of fog {unknown}
 F - a scroll of immolation {unknown}
 H - a scroll of fear {unknown}
 J - 2 scrolls of poison {unknown}
Potions
 a - 2 potions of magic
 d - 5 potions of mutation
 f - 7 potions of might
 g - 2 potions of flight
 i - 5 potions of curing
 j - a potion of ambrosia
 k - 3 potions of heal wounds {unknown}
 l - a potion of attraction {unknown}
 s - 3 potions of lignification
 u - 2 potions of degeneration {unknown}
 w - a potion of invisibility {unknown}
 x - 2 potions of brilliance {unknown}


   Skills:
 + Level 8.3 Fighting
 + Level 11.3 Dodging
 - Level 2.6 Stealth
 + Level 8.3 Spellcasting
 - Level 5.0 Hexes
 + Level 9.9 Summonings
 - Level 7.0 Air Magic


You had 14 spell levels left.
You knew the following spells:

 Your Spells              Type           Power      Damage    Failure   Level
a - Summon Small Mammal   Summ           100%       N/A       1%          1
b - Call Canine Familiar  Summ           52%        N/A       1%          3
c - Summon Guardian Gole  Hex/Summ       42%        N/A       1%          3
d - Summon Lightning Spi  Summ/Air       46%        N/A       1%          4

Your spell library contained the following spells:

 Spells                   Type           Power      Damage    Failure   Level
 Call Imp                 Summ           52%        N/A       1%          2
 Ensorcelled Hibernation  Hex/Ice        40%        N/A       1%          2
 Poisonous Vapours        Pois/Air       48%        N/A       1%          2
 Static Discharge         Conj/Air       24%        3-6/arc   1%          2
 Tukima's Dance           Hex            31%        N/A       1%          3
 Apportation              Tloc           18%        N/A       3%          1
 Necrotise                Necr           36%        1d5       3%          1
 Conjure Flame            Conj/Fire      9%         6-21      9%          3
 Ignite Poison            Fire/Tmut/Pois 9%         N/A       9%          3
 Spider Form              Tmut/Pois      9%         N/A       9%          3
 Vampiric Draining        Necr           9%         2d6       9%          3
 Anguish                  Hex/Necr       10%        N/A       11%         4
 Dispel Undead            Necr           9%         3d8       28%         4
 Sticky Flame             Conj/Fire      9%         2d3       28%         4
 Agony                    Necr           9%         N/A       58%         5
 Blade Hands              Tmut           4%         N/A       58%         5
 Portal Projectile        Hex/Tloc       Unusable   N/A       N/A         3
 Corpse Rot               Necr/Pois/Air  Unusable   N/A       N/A         4

Dungeon Overview and Level Annotations

Branches:
Dungeon (10/15)            Temple (1/1) D:7            Lair (2/5) D:9
 Spider (0/4) Lair:2          Orc (0/2) D:10
  Swamp: Lair:2-3    Shoals: Lair:2-3

Altars:
Ashenzari
Dithmenos
Elyvilon
Fedhas
Gozag
Nemelex Xobeh
Okawaru
Qazlal
Sif Muna
Trog
Wu Jian
Xom
Zin
The Shining One

Shops:
D:2 (

Annotations:
D:3 Jessica, Sigmund
D:8 Joseph
D:10 1 runed translucent door, Heoruswealwe's ghost, journeyman DESu


Innate Abilities, Weirdness & Mutations

You have sharp claws.
You have razor-sharp teeth.
You have supernaturally acute eyesight. (SInv)
You cover ground quickly. (Speed+)
You are covered in thick fur. (AC +2)
Your paws help you pounce on unaware monsters.
You are incapable of wielding weapons or throwing items.
You cannot wear armour.
You gain extra lives every three experience levels.


Message History

The blink frog attacks as you move away!
The blink frog completely misses you.
Your wolf bites the yak but does no damage.
The yak gores your wolf!
Your wolf dies!
Your wolf's corpse disappears in a puff of smoke!
The blink frog attacks as you move away!
The blink frog hits you!
The blink frog attacks as you move away!
The blink frog hits you!
* * * LOW HITPOINT WARNING * * *
The blink frog attacks as you move away!
The blink frog hits you.
* * * LOW HITPOINT WARNING * * *
A komodo dragon comes into view.
The blink frog blinks!
A yak comes into view.
The bullfrog releases a deep croak.
The blink frog completely misses you.
Casting: Summon Lightning Spire (dangerous; 1% risk of failure)
Confirm with . or Enter, or press ? or * to list all spells.
The komodo dragon hisses angrily.
The yak bellows! x2; You hear a croak.
The blink frog completely misses you.
The blink frog gives a loud, deep croak!
The blink frog blinks!
The blink frog closely misses you.
You swap places.
A yak comes into view.
The blink frog blinks!
The blink frog barely misses you. Something misses your wolf.
The yak gores your wolf. The yak closely misses your wolf.
The blink frog attacks as you move away!
The blink frog misses you.
A yak comes into view.
The blink frog blinks!
The komodo dragon bites you!!
You die...
Your wolf barely misses the blink frog.
A yak comes into view.
You are now level 10!
You rejoin the land of the living...
Are you sure you want to abandon this character and quit the game? (Confirm with "yes".)

.$.....## ...8..... ##
.......## #.# .8...8.
#.. ##.......
#.##....8..?Y# #........
.Y..# #.#...^.#
#....Y#### #...@# .#
#.Y..8h.. #...8.....#
..##Y$.$F<9
...#.........#.#.Y###...
# ..#+##...#....Y. ###.
#. ..##..##.Y##..## #
..#............#
...##.#..Y.l...#
.........#$##.##
...#...#h#...


There were no monsters in sight!

Vanquished Creatures
  A blink frog (Lair:2)
  A bullfrog (Lair:1)
  A kobold (D:6)
3 creatures vanquished.

Vanquished Creatures (collateral kills)
  Snorg (D:10)
  Erica (D:9)
  2 two-headed ogres
  2 elephants
  2 cane toads (Lair:1)
  Psyche (D:8)
  A komodo dragon (Lair:1)
  A hornet (D:10)
  7 blink frogs
  4 yaks
  A vampire (D:9)
  A wyvern (D:9)
  Grum (D:9)
  A vampire mosquito (D:10)
  2 water moccasins
  An orc warrior (D:9)
  A black bear (Lair:1)
  2 ogres (D:7)
  2 wolves (D:9)
  3 centaurs
  2 phantoms
  3 bullfrogs
  2 kobold brigands
  3 scorpions
  13 wights
  4 killer bees (D:8)
  2 howler monkeys (D:10)
  5 orc priests
  5 hounds
  A jelly (D:5)
  An orc wizard (D:9)
  4 adders
  2 gnolls (D:5)
  3 shadow imps
  A white imp (D:6)
  2 dart slugs
  19 orcs
  7 ball pythons
  2 bats (D:1)
  4 endoplasms
  A giant cockroach (D:1)
  2 goblins (D:1)
  8 hobgoblins
  4 jackals (D:1)
  4 quokkas
  4 frilled lizards
  13 kobolds
  11 rats
169 creatures vanquished.

Vanquished Creatures (others)
  A hydra (Lair:1)
  A two-headed ogre (D:6)
  2 cane toads (Lair:1)
  A troll (D:9)
  A blink frog (Lair:1)
  A basilisk (Lair:1)
  A water moccasin (D:4)
  An orc warrior (D:8)
  2 black bears
  2 ice beasts (D:7)
  An ogre (D:5)
  A wolf (D:9)
  A scorpion (D:5)
  A necrophage (D:5)
  3 wights (D:9)
  A jelly (D:7)
  An orc wizard (D:5)
  3 iguanas
  2 gnolls (D:5)
  5 fungi
  7 plants
39 creatures vanquished.

Grand Total: 211 creatures vanquished

Notes
Turn   | Place    | Note
-------+----------+-------------------------------------------
     0 | D:1      | MacCMillion the Felid Summoner began the quest for the Orb.
     0 | D:1      | Reached XP level 1. HP: 7/7 MP: 4/4
   236 | D:1      | Reached XP level 2. HP: 11/11 MP: 3/6
   774 | D:1      | Reached XP level 3. HP: 10/14 MP: 5/7
   778 | D:1      | Learned a level 3 spell: Call Canine Familiar
  1369 | D:2      | Found Weusenk's Weapon Emporium.
  1477 | D:2      | Reached skill level 5 in Summonings
  1564 | D:2      | Found a faded altar of an unknown god.
  1965 | D:3      | Found a blossoming altar of Fedhas.
  1971 | D:3      | Found a stormy altar of Qazlal.
  2100 | D:3      | Reached XP level 4. HP: 18/18 MP: 9/9
  2107 | D:3      | Learned a level 3 spell: Summon Guardian Golem
  2170 | D:3      | Noticed Jessica
  2171 | D:3      | Noticed Sigmund
  2971 | D:4      | Noticed a water moccasin
  2990 | D:4      | Killed a water moccasin
  2991 | D:4      | Reached skill level 1 in Fighting
  2991 | D:4      | Reached skill level 3 in Dodging
  2991 | D:4      | Reached XP level 5. HP: 22/22 MP: 8/10
  3426 | D:5      | Entered Level 5 of the Dungeon
  3435 | D:5      | Gained mutation: You are covered in thick fur. (AC +2)
                  | [Felid growth]
  3435 | D:5      | Reached XP level 6. HP: 14/25 MP: 7/12
  3758 | D:5      | Reached skill level 4 in Dodging
  3770 | D:5      | Reached XP level 7. HP: 30/30 MP: 8/13
  3809 | D:5      | Reached skill level 5 in Hexes
  4456 | D:5      | Reached skill level 5 in Dodging
  4933 | D:6      | Noticed a two-headed ogre
  5267 | D:6      | Reached XP level 8. HP: 21/34 MP: 5/15
  5400 | D:6      | Killed a two-headed ogre
  5401 | D:6      | Reached skill level 6 in Dodging
  5401 | D:6      | Reached skill level 5 in Spellcasting
  5979 | D:5      | Reached skill level 1 in Air Magic
  5997 | D:5      | Reached skill level 7 in Dodging
  6372 | D:7      | Reached XP level 9. HP: 40/40 MP: 16/18
  6556 | D:7      | Found a staircase to the Ecumenical Temple.
  6588 | Temple   | Entered the Ecumenical Temple
  6809 | Temple   | Became a worshipper of Gozag Ym Sagoz the Greedy
  7049 | D:7      | Reached skill level 5 in Fighting
  7705 | D:7      | Learned a level 4 spell: Summon Lightning Spire
  7770 | D:8      | Noticed Psyche
  7789 | D:8      | Killed Psyche
  8397 | D:8      | Reached skill level 8 in Dodging
  9001 | D:8      | Noticed Joseph
  9253 | D:9      | Noticed a troll
  9389 | D:9      | Killed a troll
  9390 | D:9      | Reached XP level 10. HP: 45/45 MP: 6/20
  9516 | D:9      | Shot with a bolt by an orc warrior
  9517 | D:9      | Reached XP level 9. HP: -11/41 MP: 16/19
  9555 | D:9      | Noticed a two-headed ogre
  9565 | D:9      | Killed a two-headed ogre
  9566 | D:9      | Reached skill level 5 in Air Magic
  9899 | D:9      | Found a staircase to the Lair.
 10056 | D:9      | Reached skill level 9 in Dodging
 10486 | D:9      | Noticed Erica
 10679 | D:9      | Noticed Grum
 10702 | D:9      | Killed Grum
 11010 | D:9      | Killed Erica
 11011 | D:9      | Reached XP level 10. HP: 46/46 MP: 11/21
 11769 | D:10     | Entered Level 10 of the Dungeon
 12093 | D:10     | Found a runed translucent door.
 12093 | D:10     | Found a shimmering altar of Xom.
 12093 | D:10     | Noticed Heoruswealwe's ghost (journeyman DESu)
 12093 | D:10     | Noticed a +0 mace of chaos
 12172 | D:10     | Noticed Snorg
 12191 | D:10     | Killed Snorg
 12252 | D:10     | Noticed a two-headed ogre
 12277 | D:10     | Killed a two-headed ogre
 12384 | D:10     | Found a staircase to the Orcish Mines.
 12397 | D:10     | Found a flagged portal.
 12731 | D:10     | Noticed an ice dragon
 12738 | D:10     | Killed from afar by an ice dragon
 12739 | D:10     | Reached XP level 9. HP: -29/43 MP: 14/20
 12904 | Lair:1   | Entered Level 1 of the Lair of Beasts
 12996 | Lair:1   | Noticed a cane toad
 13005 | Lair:1   | Killed a cane toad
 13006 | Lair:1   | Reached skill level 10 in Dodging
 13103 | Lair:1   | Noticed a cane toad
 13118 | Lair:1   | Killed a cane toad
 13119 | Lair:1   | Reached XP level 10. HP: 47/47 MP: 13/22
 13509 | Lair:1   | Noticed a cane toad
 13528 | Lair:1   | Killed a cane toad
 13849 | Lair:1   | Noticed a cane toad
 13861 | Lair:1   | Killed a cane toad
 14166 | Lair:2   | Noticed an elephant
 14166 | Lair:2   | Noticed an elephant
 14167 | Lair:2   | Noticed an elephant
 14172 | Lair:2   | Noticed an elephant
 14177 | Lair:2   | Killed an elephant
 14177 | Lair:2   | Noticed a seven-headed hydra
 14181 | Lair:2   | Found a hole to the Spider Nest.
 14184 | Lair:2   | Noticed an eight-headed hydra
 14187 | Lair:2   | Noticed a seven-headed hydra
 14189 | Lair:2   | Noticed a four-headed hydra
 14194 | Lair:2   | HP: 2/48 [seven-headed hydra (13)]
 14234 | Lair:1   | Killed a seven-headed hydra
 14235 | Lair:1   | Reached skill level 11 in Dodging
 14524 | Lair:1   | Killed an elephant
 14525 | Lair:1   | Reached XP level 11. HP: 51/51 MP: 16/24
 14919 | Lair:2   | Mangled by a komodo dragon
 14920 | Lair:2   | Reached XP level 10. HP: -9/48 MP: 13/23
 14920 | Lair:2   | Quit the game

Illustrated notes

Levels and vault maps discovered:
D:1:      minmay_arrival_stone_box, layout_rooms
D:2:      layout_rooms, serial_shops, nicolae_shop_crystal,
          ebering_ecumenical_altar_mist
D:3:      layout_rooms, grunt_temple_overflow_forces_of_nature, uniq_jessica,
          uniq_sigmund
D:4:      layout_loops_cross
D:5:      layout_loops_ring
D:6:      layout_cave_pools, supply_closet_lemuel, nicolae_eternal_life
D:7:      layout_loops_ring, temple_fountains, grunt_ogre_cave
D:8:      layout_basic, uniq_psyche, uniq_joseph
D:9:      layout_basic, dpeg_oklobed_lair, nicolae_titane, uniq_erica, uniq_grum
D:10:     layout_roguey, orc_0_dummy, ebering_ghost_xom, enter_bailey_8,
          st_stairs_13, kennysheep_just_a_vault, uniq_snorg
Temple:   mainiacjoe_temple_cubbyholes
Lair:1:   layout_long_grid
Lair:2:   layout_loops_ring, spider_nest_entry_a,
          nicolae_quartered_pool_impasse, chequers_serial_rivers_large_b,
          grunt_megastairs_4, lemuel_fruit_tree

Skill      XL: |  1  2  3  4  5  6  7  8  9 10 |
---------------+-------------------------------+-----
Summonings     | 5 6 7 9 |  9.9
Spellcasting   | 3 4 5 6 8 |  8.3
Fighting       | 1 2 3 4 6 8 |  8.3
Dodging        | 3 4 5 7 10 11 | 11.3
Hexes          | 2 3 4 5 |  5.0
Air Magic      | 2 6 7 |  7.0
Stealth        | |  2.6

Action                   |  1- 3 |  4- 6 |  7- 9 | 10-12 || total
-------------------------+-------+-------+-------+-------++-------
Melee: Unarmed           |       |       |    14 |    11 ||    25
       Bite              |       |       |     1 |     4 ||     5
 Cast: Summon Small Mamm |    38 |     5 |       |       ||    43
       Call Canine Famil |    13 |    14 |    53 |    20 ||   100
       Summon Guardian G |       |     5 |    64 |    25 ||    94
       Summon Lightning  |       |       |    29 |    29 ||    58
  Use: Scroll            |       |       |    12 |       ||    12
       Potion            |       |       |     1 |       ||     1
Armor: Skin              |       |       |     9 |    12 ||    21
Dodge: Dodged            |    19 |    10 |    87 |    87 ||   203
